 Dungeon Crawl Stone Soup version 0.20.1-1-g8b1a95d (console) character file.

77 hilaritas the Shield-Bearer (level 4, -6/35 HPs)
             Began as a Formicid Fighter on Aug 8, 2017.
             Was an Initiate of Elyvilon.
             Mangled by Grinder (8 damage)
             ... on level 3 of the Dungeon.
             The game lasted 00:04:46 (1911 turns).

hilaritas the Shield-Bearer (Formicid Fighter)      Turns: 1911, Time: 00:04:47

Health: -6/35      AC:  6    Str: 27    XL:     4   Next: 60%
Magic:  4/4        EV:  8    Int:  7    God:    Elyvilon [......]
Gold:   92         SH: 10    Dex: 10    Spells: 3/3 levels left

rFire    . . .     SeeInvis +   a - +0 war axe
rCold    . . .     Gourm    .   c - +0 shield
rNeg     . . .     Faith    .   b - +0 scale mail
rPois    .         Spirit   .   (helmet unavailable)
rElec    .         Reflect  .   (no cloak)
rCorr    .         Harm     .   (no gloves)
MR       .....                  (no boots)
Stlth    ..........             (no amulet)
Regen    0.2/turn               (no ring)
MPRegen  0.1/turn               (no ring)

@: mighty
A: permanent stasis, dig shafts and tunnels, four strong arms, antennae 3
a: Dig, Shaft Self, Renounce Religion


You were on level 3 of the Dungeon.
You worshipped Elyvilon.
Elyvilon was noncommittal.
You were not hungry.

You visited 1 branch of the dungeon, and saw 3 of its levels.

You collected 92 gold pieces.

Inventory:

Hand Weapons
 a - a +0 war axe (weapon)
 j - a +0 mace
Armour
 b - a +0 scale mail (worn)
 c - a +0 shield (worn)
Scrolls
 e - 2 scrolls of remove curse {unknown}
 n - a scroll of enchant weapon {unknown}
 o - a scroll of teleportation {unknown}
 p - a scroll of random uselessness {unknown}
Potions
 h - a potion of heal wounds
 i - a potion of mutation {unknown}
 l - a potion of curing {unknown}
 m - a potion of invisibility {unknown}
Comestibles
 f - 3 bread rations
 g - 2 chunks of flesh
 k - a royal jelly
 q - a meat ration


   Skills:
 - Level 3.2 Fighting
 * Level 4.1 Axes
 - Level 3.2 Armour
 + Level 4.2 Shields


You had 3 spell levels left.
You didn't know any spells.

Dungeon Overview and Level Annotations

Branches:
Dungeon (3/15)

Altars:
Ashenzari
Elyvilon
Zin

Annotations:
D:3 Grinder


Innate Abilities, Weirdness & Mutations

You cannot be hasted, slowed, berserked, paralysed or teleported.
You can dig through walls and to a lower floor.
Your four strong arms can wield two-handed weapons with a shield.
You have a pair of large antennae on your head. (SInv)


Message History

Grinder gestures at you. Pain shoots through your body!
Grinder says, "Don't move a muscle."
You block Grinder's attack.
You slash Grinder!
Grinder is almost dead.
You block Grinder's attack.
You barely miss Grinder.
Grinder is almost dead.
Grinder blinks!
Grinder gestures at you.
Your stasis prevents you from being paralysed.
Grinder says, "There's only one good use for a tongue: cutting it out."
You hit Grinder.
Grinder is almost dead.
Grinder gestures at you. Pain shoots through your body!
* * * LOW HITPOINT WARNING * * *
Grinder hits you!
You die...

#. ...# .. .(. ._.. ... #.#
... ... ..####.# ...##5##..#
...# ..........# #..# .#
...%......###..# .####
......# #.#..# ....
..##..#####.#..######.#.#
#)..†........@5....#.##
#.######.#............# #.#
#...........#.####
#.#######..(##...........
#............†.##..#.###
#.######....#####..#<#####.#
#. #.#.......†.#.......#
#.#.>.#####.#.#######
#.#...........#


You could see Grinder.

Vanquished Creatures
  3 adders
  An ooze (D:1)
  2 worms
  2 dart slugs
  A giant cockroach (D:1)
  7 goblins
  5 hobgoblins
  3 jackals
  A ball python (D:2)
  3 bats
  3 frilled lizards
  A kobold (D:2)
  5 rats
37 creatures vanquished.

Notes
Turn   | Place    | Note
-------+----------+-------------------------------------------
     0 | D:1      | hilaritas the Formicid Fighter began the quest for the Orb.
     0 | D:1      | Reached XP level 1. HP: 18/18 MP: 1/1
   255 | D:1      | Reached XP level 2. HP: 24/24 MP: 2/2
   647 | D:2      | Reached XP level 3. HP: 23/29 MP: 3/3
   808 | D:2      | Found a shattered altar of Ashenzari.
  1330 | D:2      | Found a white marble altar of Elyvilon.
  1339 | D:2      | Became a worshipper of Elyvilon the Healer
  1348 | D:2      | Reached XP level 4. HP: 27/35 MP: 4/4
  1873 | D:3      | Found a glowing silver altar of Zin.
  1883 | D:3      | Noticed Grinder
  1898 | D:3      | Elyvilon protects you from harm!
  1911 | D:3      | Mangled by Grinder

Skill      XL: |  1  2  3  4 |
---------------+-------------+-----
Shields        | 4 |  4.2
Axes           | 3 4 |  4.1
Fighting       | |  3.2
Armour         | |  3.2

Action                   |  1- 3 |  4- 6 || total
-------------------------+-------+-------++-------
Melee: War axe           |    95 |    53 ||   148
  Use: Potion            |       |     2 ||     2
  Eat: Chunk             |     1 |     2 ||     3
Armor: Scale mail        |    31 |    23 ||    54
Dodge: Dodged            |    34 |    15 ||    49
Block: Shield            |    43 |    15 ||    58
